 Dungeon Crawl Stone Soup version 0.29-a0-802-g34511f41fd (webtiles) character file.

Game seed: 7444042574974669447

143 dolemite99 the Firebug (level 5, -5/37 HPs)
             Began as a Gnoll Fire Elementalist on July 3, 2022.
             Was a Plaything of Xom.
             Slain by an orc
             ... wielding a +0 hand axe
              (6 damage)
             ... on level 3 of the Dungeon.
             The game lasted 00:03:51 (4922 turns).

dolemite99 the Firebug (Gnoll Fire Elementalist)    Turns: 4922, Time: 00:03:51

Health: -5/37      AC:  2    Str:  7    XL:     5   Next: 25%
Magic:  6/12       EV: 13    Int: 17    God:    Xom [...*..]
Gold:   98         SH:  0    Dex: 12    Spells: 11/14 levels left

rFire   + . .      SeeInvis .   f - +0 hand axe
rCold   + . .      Faith    .   (no shield)
rNeg    . . .      Spirit   .   a - +0 robe
rPois   +          Reflect  .   (no helmet)
rElec   +          Harm     .   (no cloak)
rCorr   +          Rampage  .   (no gloves)
Will    .....                   (no boots)
Stlth   +++.......              (no amulet)
HPRegen 0.12/turn               (no ring)
MPRegen 0.13/turn               (no ring)

@: resistant, attractive
A: fangs 1, strong nose, distributed training
a: Renounce Religion


You were on level 3 of the Dungeon.
You worshipped Xom.
You were a favourite toy of Xom.
You visited 1 branch of the dungeon, and saw 3 of its levels.

You collected 98 gold pieces.

Inventory:

Hand Weapons
 d - a +0 long sword
 f - a +0 hand axe (weapon)
Missiles
 k - 2 atropa-tipped darts
 m - 3 stones
Armour
 a - a +0 robe (worn)
Jewellery
 c - an amulet of reflection
Wands
 l - a wand of flame (4)
Scrolls
 h - 2 scrolls of poison {unknown}
 j - 3 scrolls of identify {unknown}
 n - a scroll of teleportation {unknown}
 o - a scroll of fog {unknown}
Potions
 b - a potion of magic
 g - a potion of haste
 i - a potion of attraction


   Skills:
 + Level 1.4 Fighting
 + Level 1.4 Short Blades
 + Level 1.4 Long Blades
 + Level 1.4 Axes
 + Level 1.4 Maces & Flails
 + Level 1.4 Polearms
 + Level 1.4 Staves
 + Level 1.4 Ranged Weapons
 + Level 1.4 Throwing
 + Level 1.4 Armour
 + Level 4.8 Dodging
 + Level 4.4 Stealth
 + Level 1.4 Shields
 + Level 1.4 Unarmed Combat
 + Level 5.2 Spellcasting
 + Level 2.4 Conjurations
 + Level 1.1 Hexes
 + Level 1.1 Summonings
 + Level 1.1 Necromancy
 + Level 1.1 Translocations
 + Level 1.1 Transmutations
 + Level 5.5 Fire Magic
 + Level 1.1 Ice Magic
 + Level 1.1 Air Magic
 + Level 1.1 Earth Magic
 + Level 1.1 Poison Magic
 + Level 1.6 Invocations
 + Level 1.4 Evocations


You had 11 spell levels left.
You knew the following spells:

 Your Spells              Type           Power      Damage    Failure   Level
a - Scorch                Fire           46%        2d7       2%          2
b - Foxfire               Conj/Fire      68%        2x1d7     2%          1

Your spell library contained the following spells:

 Spells                   Type           Power      Damage    Failure   Level
 Apportation              Tloc           16%        N/A       9%          1
 Necrotise                Necr           32%        1d5       9%          1
 Slow                     Hex            32%        N/A       9%          1
 Summon Small Mammal      Summ           32%        N/A       9%          1
 Conjure Flame            Conj/Fire      17%        6-21      9%          3
 Inner Flame              Hex/Fire       15%        N/A       11%         3
 Confusing Touch          Hex            8%         N/A       26%         3
 Vampiric Draining        Necr           8%         2d6       26%         3
 Flame Wave               Conj/Fire      17%        2d6       26%         4


Dungeon Overview and Level Annotations

Branches:
Dungeon (3/15)

Altars:
Kikubaaqudgha
Xom
Zin


Innate Abilities, Weirdness & Mutations

You have very sharp teeth.
Your uncanny sense of smell can sniff out nearby items.
Your experience applies equally to all skills.


Message History

The orc hits you but does no damage.
The foxfire hits the orc.
The orc is heavily wounded.
The foxfire hits the orc but does no damage.
The orc is heavily wounded.
The orc barely misses you. The orc hits you with a +0 hand axe.
The orc hits you with a +0 dagger.
You are too injured to fight recklessly!
You are too injured to fight recklessly!
Casting: Foxfire (safe; 2% risk of failure)
Confirm with . or Enter, or press ? or * to list all spells.
You conjure some foxfire!
The orc hits you but does no damage. The orc hits you with a +0 hand axe.
The orc hits you but does no damage.
The foxfire hits the orc.
You kill the orc!
The foxfire hits the orc.
The orc is severely wounded.
The orc hits you with a +0 hand axe.
* * * LOW HITPOINT WARNING * * *
The orc hits you with a +0 dagger.
* * * LOW HITPOINT WARNING * * *
Casting: Foxfire (safe; 2% risk of failure)
Confirm with . or Enter, or press ? or * to list all spells.
You conjure some foxfire!
The orc barely misses you. The orc hits you with a +0 hand axe.
* * * LOW HITPOINT WARNING * * *
The orc hits your foxfire with a +0 hand axe.
The foxfire hits the orc.
You kill the orc!
The foxfire hits the orc but does no damage.
The orc is severely wounded.
The orc hits you with a +0 hand axe.
* * * LOW HITPOINT WARNING * * *
It was a potion of attraction.
You feel attractive to monsters. The orc barely misses you.
It was a potion of resistance.
You feel protected. The orc hits you with a +0 hand axe.
You die...

#... #... #...
############## #...
#............#+####...
###................##...
...................##..#
......).######.....##..#
.....))@'....'.....##..#
......o.######.....##...
........+ , #.....##..#
..).....# * #...†)###.#
........#* * #...†.###.#
####<.... * #..........
###### ########... ####


You could see an orc.

Vanquished Creatures
  Terence (D:2)
  5 adders
  4 worms
  A dart slug (D:1)
  4 orcs (D:3)
  6 ball pythons
  6 endoplasms
  A giant cockroach (D:1)
  3 goblins
  3 hobgoblins
  4 jackals (D:3)
  5 quokkas (D:1)
  2 bats
  2 frilled lizards
  6 kobolds
  6 rats
59 creatures vanquished.

Vanquished Creatures (others)
  106 foxfires
106 creatures vanquished.

Grand Total: 165 creatures vanquished

Notes
Turn   | Place    | Note
-------+----------+-------------------------------------------
     0 | D:1      | dolemite99 the Gnoll Fire Elementalist began the quest for
                  | the Orb.
     0 | D:1      | Reached XP level 1. HP: 13/13 MP: 6/6
   517 | D:1      | Reached XP level 2. HP: 8/20 MP: 4/7
  1588 | D:1      | Learned a level 2 spell: Scorch
  1650 | D:1      | Reached skill level 5 in Spellcasting
  1650 | D:1      | Reached XP level 3. HP: 25/25 MP: 5/9
  2218 | D:2      | Reached skill level 1 in Invocations
  2494 | D:2      | Reached skill level 1 in Fighting
  2494 | D:2      | Reached skill level 1 in Short Blades
  2494 | D:2      | Reached skill level 1 in Long Blades
  2494 | D:2      | Reached skill level 1 in Axes
  2494 | D:2      | Reached skill level 1 in Maces & Flails
  2494 | D:2      | Reached skill level 1 in Polearms
  2494 | D:2      | Reached skill level 1 in Staves
  2494 | D:2      | Reached skill level 1 in Ranged Weapons
  2494 | D:2      | Reached skill level 1 in Throwing
  2494 | D:2      | Reached skill level 1 in Armour
  2494 | D:2      | Reached skill level 1 in Shields
  2494 | D:2      | Reached skill level 1 in Unarmed Combat
  2494 | D:2      | Reached skill level 1 in Evocations
  2569 | D:2      | Reached XP level 4. HP: 27/32 MP: 6/11
  2760 | D:2      | Noticed Terence
  3374 | D:2      | Found an ancient bone altar of Kikubaaqudgha.
  3558 | D:2      | Reached skill level 1 in Hexes
  3558 | D:2      | Reached skill level 1 in Summonings
  3558 | D:2      | Reached skill level 1 in Necromancy
  3558 | D:2      | Reached skill level 1 in Translocations
  3558 | D:2      | Reached skill level 1 in Transmutations
  3558 | D:2      | Reached skill level 1 in Ice Magic
  3558 | D:2      | Reached skill level 1 in Air Magic
  3558 | D:2      | Reached skill level 1 in Earth Magic
  3558 | D:2      | Reached skill level 1 in Poison Magic
  4121 | D:2      | Found a faded altar of an unknown god.
  4163 | D:2      | Prayed at the altar of an unknown god.
  4163 | D:2      | Became a worshipper of Xom of Chaos
  4265 | D:2      | Killed Terence
  4432 | D:3      | Reached XP level 5. HP: 37/37 MP: 9/12
  4690 | D:3      | Found a glowing silver altar of Zin.
  4748 | D:3      | XOM: silly message
  4883 | D:3      | XOM: divination: magic mapping
  4920 | D:3      | HP: 1/37 [orc/+0 hand axe (5)]
  4922 | D:3      | Slain by an orc

Illustrated notes

Levels and vault maps discovered:
D:1:      dpeg_arrival_concentric_ovals, layout_loops_ring,
          minmay_misc_feat_room
D:2:      layout_loops_corners, basic_altar,
          dreamdust_ecumenical_altar_angels_and_demons, uniq_terence
D:3:      layout_basic, lemuel_doored_altar, minmay_misc_feat_chi

Skill      XL: |  1  2  3  4 |
---------------+-------------+-----
Conjurations   | 2 |  2.4
Spellcasting   | 5 |  5.2
Invocations    | 1 |  1.6
Fighting       | 1 |  1.4
Short Blades   | 1 |  1.4
Long Blades    | 1 |  1.4
Axes           | 1 |  1.4
Maces & Flails | 1 |  1.4
Polearms       | 1 |  1.4
Staves         | 1 |  1.4
Ranged Weapons | 1 |  1.4
Throwing       | 1 |  1.4
Armour         | 1 |  1.4
Shields        | 1 |  1.4
Unarmed Combat | 1 |  1.4
Evocations     | 1 |  1.4
Hexes          | 1 |  1.1
Summonings     | 1 |  1.1
Necromancy     | 1 |  1.1
Translocations | 1 |  1.1
Transmutations | 1 |  1.1
Ice Magic      | 1 |  1.1
Air Magic      | 1 |  1.1
Earth Magic    | 1 |  1.1
Poison Magic   | 1 |  1.1
Dodging        | |  4.8
Stealth        | |  4.4
Fire Magic     | |  5.5

Action                   |  1- 3 |  4- 6 || total
-------------------------+-------+-------++-------
Melee: Long sword        |    13 |       ||    13
       Hand axe          |    15 |     3 ||    18
       Bite              |     2 |       ||     2
 Cast: Foxfire           |    34 |    29 ||    63
       Scorch            |    18 |    15 ||    33
  Use: Potion            |       |     2 ||     2
Armor: Robe              |    14 |     7 ||    21
Dodge: Dodged            |    46 |    44 ||    90

Table legend: (Time is in decaauts)
 A = Elapsed time spent in this place.
 B = Non-inter-level travel time spent in this place.
 C = Inter-level travel time spent in this place.
 D = Time resting spent in this place.
 E = Time spent auto-exploring this place.
 F = Levels seen in this place.
 G = Mean time per level.
                   A        B        C        D        E       F      G
               +--------+--------+--------+--------+--------+-----+--------+
         Total |   4931 |   4828 |    103 |   2313 |   1880 |   3 | 1643.7 |
       Dungeon |   4931 |   4828 |    103 |   2313 |   1880 |   3 | 1643.7 |
               +--------+--------+--------+--------+--------+-----+--------+

Top non-repeatable levels by time:
     D:1: 2410 daAuts
     D:2: 1990 daAuts
     D:3: 530 daAuts
